 Dungeon Crawl Stone Soup version 0.27.1 (webtiles) character file.

Game seed: 7256007793385835481

1615 Gwenloh the Cudgeller (level 8, 0/73 (78) HPs)
             Began as an Ogre Berserker on Aug 24, 2021.
             Was a Believer of Trog.
             Slain by a wight (3 damage)
             ... on level 6 of the Dungeon.
             The game lasted 00:17:16 (6159 turns).

Gwenloh the Cudgeller (Ogre Berserker)              Turns: 6159, Time: 00:17:16

HP:   0/73 (78)     AC:  4    Str: 22    XL:     8   Next: 96%
MP:   8/8           EV: 10    Int:  8    God:    Trog [**....]
Gold: 280           SH:  0    Dex: 10    Spells: 7/7 levels left

rFire    . . .     SeeInvis .   a - +0 mace
rCold    . . .     Faith    .   (no shield)
rNeg     . . .     Spirit   .   b - +0 animal skin
rPois    +         Reflect  .   (helmet restricted)
rElec    .         Harm     .   y - +0 cloak
rCorr    .         Rampage  .   (gloves unavailable)
Will     .....                  (boots unavailable)
Stlth    +.........             j - amulet of magic regeneration
HPRegen  0.22/turn              p - ring of poison resistance
MPRegen  0.36/turn              (no ring)

@: on berserk cooldown, slowed, drained, very slow
A: large, unfitting armour, tough skin 1
a: Renounce Religion, Berserk, Trog's Hand


You were on level 6 of the Dungeon.
You worshipped Trog.
Trog was pleased with you.
You visited 2 branches of the dungeon, and saw 7 of its levels.

You collected 280 gold pieces.

Inventory:

Hand Weapons
 a - a +0 mace (weapon)
 t - a +0 dire flail
 x - a +4 quarterstaff of chaos
Missiles
 c - 11 boomerangs
 k - 142 stones
 w - 19 poisoned darts (quivered)
Armour
 b - a +0 animal skin (worn)
 y - a +0 cloak (worn)
Jewellery
 j - an amulet of magic regeneration (around neck)
 p - a ring of poison resistance (left hand)
Wands
 o - a wand of iceblast (6)
 z - a wand of flame (17)
Scrolls
 f - 5 scrolls of enchant armour {unknown}
 h - a scroll of silence {unknown}
 l - 4 scrolls of magic mapping {unknown}
 n - 3 scrolls of identify {unknown}
 r - 3 scrolls of enchant weapon {unknown}
 s - a scroll of fog {unknown}
 u - a scroll of immolation {unknown}
 B - a scroll of teleportation {unknown}
Potions
 d - 2 potions of curing
 e - 2 potions of cancellation {unknown}
 g - a potion of haste {unknown}
 i - a potion of flight {unknown}
 m - a potion of degeneration {unknown}
 q - a potion of magic {unknown}
 v - a potion of ambrosia {unknown}
 A - a potion of lignification {unknown}


   Skills:
 - Level 4.0 Fighting
 + Level 7.7 Maces & Flails
 + Level 7.6 Throwing
 - Level 2.6 Dodging


You had 7 spell levels left.
You didn't know any spells.
Your spell library was empty.

Dungeon Overview and Level Annotations

Branches:
Dungeon (6/15)             Temple (1/1) D:5

Altars:
Ashenzari
Dithmenos
Elyvilon
Gozag
Hepliaklqana
Kikubaaqudgha
Makhleb
Nemelex Xobeh
Okawaru
Qazlal
Ru
Sif Muna
Trog
Uskayaw
Vehumet
Wu Jian
Yredelemnul
Zin
The Shining One

Annotations:
D:3 1 runed translucent door, Nanban's ghost, amateur FoFi


Innate Abilities, Weirdness & Mutations

You are too large for most types of armour.
You have tough skin. (AC +1)


Message History

You thump the wight!
The wight is heavily damaged.
You hit the wight.
The wight is heavily damaged.
The wight hits you with a +0 short sword.
* * * LOW HITPOINT WARNING * * *
You barely miss the wight.
The wight is heavily damaged.
You are no longer berserk.
You are exhausted.
You feel yourself slow down.
The wight hits you with a +0 short sword.
* * * LOW HITPOINT WARNING * * *
You barely miss the wight.
The wight is heavily damaged.
The wight closely misses you.
You barely miss the wight.
The wight is heavily damaged.
Your skin stops crawling.
You feel less strong-willed. The wight hits you but does no damage.
The wight barely misses you.
You closely miss the wight.
The wight is heavily damaged.
The wight barely misses you.
You barely miss the wight.
The wight is heavily damaged.
The wight closely misses you. The wight barely misses you.
You hit the wight.
The wight is heavily damaged.
The wight misses you.
You barely miss the wight.
The wight is heavily damaged.
The wight hits you with a +0 short sword!
* * * LOW HITPOINT WARNING * * *
The wight hits you with a +0 short sword!
* * * LOW HITPOINT WARNING * * *
You feel drained.
You hit the wight.
The wight is severely damaged.
The wight hits you with a +0 short sword.
You die...

.......#........#
#.####...########
#.### #.# #.# #.#
#.# #.# #@# #z#
#.#
.z.zz..........
.####.....#####
##...## ##.## #.#
#.#


You could see a wight.

Vanquished Creatures
  Grinder (D:4)
  Sigmund (D:2)
  Eustachio (D:4)
  Menkaure (D:4)
  Duvessa (D:5)
  A necrophage (D:4)
  Blork the orc (D:4)
  A scorpion (D:4)
  Dowan (D:5)
  4 wights (D:6)
  2 hounds (D:4)
  A bullfrog zombie (D:6)
  Crazy Yiuf (D:4)
  2 bullfrog skeletons (D:5)
  An iguana (D:4)
  An orc wizard (D:4)
  Robin (D:4)
  7 adders
  4 gnolls (D:4)
  2 ufetubi
  2 adder skeletons
  2 worms
  2 dart slugs
  3 orcs (D:4)
  4 ball pythons
  4 endoplasms
  A giant cockroach (D:1)
  22 goblins
  6 hobgoblins
  6 quokkas
  6 bats
  4 frilled lizards
  4 kobolds
  6 rats
107 creatures vanquished.

Notes
Turn   | Place    | Note
-------+----------+-------------------------------------------
     0 | D:1      | Gwenloh the Ogre Berserker began the quest for the Orb.
     0 | D:1      | Reached XP level 1. HP: 24/24 MP: 1/1
   103 | D:1      | Reached XP level 2. HP: 32/32 MP: 2/2
   438 | D:1      | Reached skill level 1 in Throwing
   464 | D:1      | Found a faded altar of an unknown god.
   714 | D:2      | Reached XP level 3. HP: 39/39 MP: 3/3
   821 | D:2      | Found a white marble altar of Elyvilon.
   821 | D:2      | Noticed Sigmund
   835 | D:2      | Killed Sigmund
   836 | D:2      | Reached XP level 4. HP: 48/48 MP: 4/4
   836 | D:2      | Reached XP level 5. HP: 54/54 MP: 5/5
   936 | D:2      | Reached ** piety under Trog
   983 | D:2      | You fall into a shaft and drop 2 floors!
  1145 | D:4      | Found a runed translucent door.
  1398 | D:4      | Noticed Eustachio
  1404 | D:4      | Noticed Robin
  1410 | D:3      | Found a shadowy altar of Dithmenos.
  1952 | D:3      | You fall into a shaft and drop 2 floors!
  1952 | D:5      | Entered Level 5 of the Dungeon
  1966 | D:5      | Reached XP level 6. HP: 46/62 MP: 6/6
  2222 | D:5      | Noticed Duvessa
  2465 | D:5      | Found a burning altar of Makhleb.
  2586 | D:4      | Killed Eustachio
  2587 | D:4      | Reached skill level 5 in Maces & Flails
  2587 | D:4      | Reached XP level 7. HP: 70/70 MP: 7/7
  2811 | D:4      | Killed Robin
  3004 | D:3      | Found a runed translucent door.
  3044 | D:3      | Noticed Nanban's ghost (amateur FoFi)
  3293 | D:4      | Reached skill level 5 in Throwing
  3631 | D:4      | Noticed Blork the orc
  3647 | D:4      | Killed Blork the orc
  3854 | D:4      | Noticed Grinder
  3868 | D:4      | Paralysed by Grinder for 5 turns
  3885 | D:4      | Killed Grinder
  3886 | D:4      | Reached XP level 8. HP: 53/78 MP: 8/8
  4497 | D:4      | Noticed Menkaure
  4508 | D:4      | Killed Menkaure
  4747 | D:4      | Noticed Crazy Yiuf
  4880 | D:4      | Killed Crazy Yiuf
  5016 | D:5      | Found a staircase to the Ecumenical Temple.
  5211 | D:5      | Noticed Dowan
  5216 | D:5      | Killed Dowan
  5233 | D:5      | Killed Duvessa
  5730 | Temple   | Entered the Ecumenical Temple
  6158 | D:6      | HP: 2/75 [wight (7)]
  6159 | D:6      | Slain by a wight

Illustrated notes

Levels and vault maps discovered:
D:1:      lemuel_arrival_river_ford, layout_rooms,
          shapermc_ecumenical_altar_mp_highgroup, serial_forest,
          infiniplex_forest_lined_2, infiniplex_forest_straight_2,
          infiniplex_forest_end_2, infiniplex_forest_zigzag_1,
          infiniplex_forest_straight_3
D:2:      layout_rooms, basic_altar, serial_bayou_crossing, uniq_sigmund
D:3:      layout_rooms, mainiacjoe_overflow_brackets,
          hellmonk_ghost_happy_afterlife, skrybe_limestone_x
D:4:      layout_cave_pods, kennysheep_generic_room_4, uniq_robin,
          uniq_crazy_yiuf_cottage, uniq_menkaure, uniq_eustachio, uniq_grinder,
          uniq_blork_the_orc
D:5:      layout_loops_ring, lemuel_crystal_altar,
          minmay_temple_entry_large_hall, bh_walls_and_bars, uniq_duvessa
D:6:      layout_loops_corners
Temple:   nicolae_temple_elliptical

Skill      XL: |  1  2  3  4  5  6  7  8 |
---------------+-------------------------+-----
Maces & Flails | 3 4 5 6 7 |  7.7
Throwing       | 1 3 4 6 7 |  7.6
Fighting       | |  4.0
Dodging        | |  2.6

Action                   |  1- 3 |  4- 6 |  7- 9 || total
-------------------------+-------+-------+-------++-------
Melee: Mace              |    69 |   102 |   159 ||   330
       Unarmed           |       |       |     8 ||     8
       Quarterstaff      |       |       |    35 ||    35
Throw: Boomerang         |     4 |     1 |     7 ||    12
       Stone             |       |     9 |     3 ||    12
       Dart              |       |       |    22 ||    22
Invok: Berserk           |     5 |     3 |    10 ||    18
       Trog's Hand       |       |     1 |     6 ||     7
 Stab: Sleeping          |     1 |       |       ||     1
Armor: Animal skin       |    27 |    31 |    34 ||    92
Dodge: Dodged            |    49 |    58 |   100 ||   207
